 Dungeon Crawl Stone Soup version 0.24.1 (webtiles) character file.

Game seed: 12606378823877114854, levelgen mode: deterministic

1239 nightchill the Spear-Bearer (level 8, -2/64 HPs)
             Began as a Merfolk Abyssal Knight on Apr 1, 2020.
             Was a Priest of Lugonu.
             Slain by a killer bee (8 damage)
             ... on level 5 of the Dungeon.
             The game lasted 00:21:25 (7585 turns).

nightchill the Spear-Bearer (MfAK)                  Turns: 7585, Time: 00:21:26

Health: -2/64      AC:  8    Str: 15    XL:     8   Next: 49%
Magic:  12/12      EV: 12    Int: 15    God:    Lugonu [***...]
Gold:   175        SH:  5    Dex: 13    Spells: 7/7 levels left

rFire    + . .     SeeInvis .   a - +1 spear
rCold    . . .     Gourm    .   (no shield)
rNeg     . . .     Faith    .   e - +0 ring mail
rPois    .         Spirit   .   o - +0 helmet
rElec    .         Reflect  +   D - +0 cloak
rCorr    .         Harm     .   F - +0 pair of gloves of Repulsion {rF+ Int+4} (curse)
MR       +....                  (no boots)
Stlth    +.........             p - +5 amulet of reflection
HPRegen  0.20/turn              t - ring of protection from magic
MPRegen  0.13/turn              y - +1 ring of evasion

@: lethally poisoned (-2 -> -21), flying
A: change form in water, swift swim, stealthy swim
a: Depart the Abyss, Bend Space, Banish, Renounce Religion


You were on level 5 of the Dungeon.
You worshipped Lugonu.
Lugonu was most pleased with you.
You were hungry.

You visited 1 branch of the dungeon, and saw 5 of its levels.
You visited the Abyss 1 time.

You collected 175 gold pieces.

Inventory:

Hand Weapons
 a - a +1 spear (weapon)
 g - a +0 hunting sling
Missiles
 h - 184 stones (quivered)
Armour
 b - a +0 leather armour
 e - a +0 ring mail (worn)
 o - a +0 helmet (worn)
 z - a +0 robe of cold resistance
 B - a +0 pair of gloves
 D - a +0 cloak (worn)
 F - the cursed +0 pair of gloves of Repulsion (worn) {rF+ Int+4}
   (You found it on level 4 of the Dungeon)

   It affects your intelligence (+4).
   It protects you from fire.
   It has a curse placed upon it.
Jewellery
 p - a +5 amulet of reflection (around neck)
 t - a ring of protection from magic (left hand)
 y - a +1 ring of evasion (right hand)
Scrolls
 f - a scroll of amnesia {unknown}
 j - a scroll of blinking {unknown}
 m - 2 scrolls of remove curse {unknown}
 q - a scroll of enchant weapon {unknown}
 v - a scroll of fog {unknown}
 C - a scroll of random uselessness {unknown}
 H - a scroll of teleportation {unknown}
Potions
 i - a potion of resistance
 k - a potion of mutation {unknown}
 l - a potion of might {unknown}
 n - a potion of berserk rage {unknown}
 r - a potion of ambrosia {unknown}
 s - 2 potions of flight
 u - a potion of brilliance {unknown}
 w - a potion of magic {unknown}
 x - a potion of cancellation {unknown}
 A - a potion of degeneration {unknown}
 E - a potion of lignification {unknown}
Comestibles
 c - 7 rations


   Skills:
 + Level 6.2 Fighting
 * Level 10.2 Polearms
 - Level 0.6 Armour
 - Level 2.6 Dodging
 * Level 6.0 Invocations


You had 7 spell levels left.
You didn't know any spells.
Your spell library contained the following spells:

 Spells                   Type           Power        Failure   Level  Hunger
 Summon Small Mammal      Summ           #...         47%         1    ##.....
 Call Imp                 Summ           #.......     63%         2    ###....
 Call Canine Familiar     Summ           #.......     85%         3    ####...
 Summon Guardian Golem    Hex/Summ       #.......     85%         3    ####...
 Summon Ice Beast         Ice/Summ       #.......     99%         4    #####..
 Summon Lightning Spire   Summ/Air       #.......     99%         4    #####..


Dungeon Overview and Level Annotations

Branches:
Dungeon (5/15)
 Temple: D:4-7

Altars:
Dithmenos
Fedhas
Makhleb
Qazlal
Uskayaw
Vehumet

Annotations:
D:3 exclusion: downstairs
D:4 exclusion: 2 downstairs


Message History

You barely miss the killer bee.
The killer bee is heavily wounded.
You feel sick. The killer bee stings you. x2
* * * LOW HITPOINT WARNING * * *
You are lethally poisoned!
The killer bee poisons you! The killer bee stings you.
* * * LOW HITPOINT WARNING * * *
Okay, then.
It was a potion of flight.
You feel very buoyant.
You fly up into the air.
* * * LOW HITPOINT WARNING * * *
You feel sick. The killer bee stings you.
* * * LOW HITPOINT WARNING * * *
The killer bee stings you.
* * * LOW HITPOINT WARNING * * *
The killer bee stings you but does no damage.
The killer bee closely misses you. You block the killer bee's attack.
The killer bee stings you!
You die...

#####.............##.
#....................
#....###..........##
##....#............#
##.............##..
#..............##
#...............## .
##.yy.......##...#..
#..@y.......##......
####..#####...##......
#.##..#..####...>#.#..
##..#.......##....#.##.
###........#..#.....#.#
.
#.........###.##.##.#.#
#..##..............##
#...#.....###......#
##....#....###...#.#


You could see 3 killer bees.

Vanquished Creatures
  Grinder (D:4)
  Eustachio (D:3)
  Menkaure (D:3)
  An ogre (D:4)
  A bullfrog (D:4)
  Blork the orc (D:4)
  2 killer bees (D:4)
  A crimson imp (D:5)
  A bullfrog skeleton (D:5)
  3 orc wizards
  2 orc priests
  2 worker ants
  2 hound skeletons
  4 gnolls
  A howler monkey zombie (D:5)
  7 adders
  An ooze (D:4)
  2 adder skeletons (D:4)
  3 worms
  A dart slug (D:3)
  2 leopard geckos (D:1)
  11 orcs
  8 bats
  2 giant cockroaches
  4 goblins (D:1)
  5 hobgoblins
  7 jackals
  6 quokkas
  2 frilled lizards
  4 kobolds
  7 rats
96 creatures vanquished.

Notes
Turn   | Place    | Note
-------+----------+-------------------------------------------
     0 | Abyss:1  | nightchill the Merfolk Abyssal Knight began the quest for
                  | the Orb.
     0 | Abyss:1  | Reached XP level 1. HP: 18/18 MP: 2/2
    20 | D:1      | Escaped the Abyss
   417 | D:1      | Reached XP level 2. HP: 24/24 MP: 3/3
   650 | D:1      | Reached skill level 4 in Polearms
   772 | D:1      | Reached XP level 3. HP: 29/29 MP: 4/4
   834 | D:1      | Reached ** piety under Lugonu
  1124 | D:2      | Found a hide-covered altar of Uskayaw.
  1749 | D:2      | Found a shadowy altar of Dithmenos.
  1750 | D:2      | Found a burning altar of Makhleb.
  1831 | D:2      | Reached XP level 4. HP: 21/37 MP: 6/6
  2138 | D:2      | You fall into a shaft and drop 1 floor!
  2146 | D:3      | Found a stormy altar of Qazlal.
  2155 | D:3      | Reached skill level 5 in Polearms
  2317 | D:3      | Found a blossoming altar of Fedhas.
  3230 | D:3      | Found a radiant altar of Vehumet.
  3369 | D:3      | Reached XP level 5. HP: 40/42 MP: 7/7
  3407 | D:3      | Reached skill level 6 in Polearms
  4140 | D:3      | Reached XP level 6. HP: 32/49 MP: 8/8
  4330 | D:4      | Noticed Menkaure
  5134 | D:4      | Noticed Blork the orc
  5153 | D:4      | Killed Blork the orc
  5153 | D:4      | Reached skill level 7 in Polearms
  5359 | D:4      | Noticed Grinder
  5393 | D:3      | Killed Menkaure
  5393 | D:3      | Reached skill level 5 in Fighting
  5393 | D:3      | Reached XP level 7. HP: 15/56 MP: 10/10
  5678 | D:4      | Killed Grinder
  5678 | D:4      | Reached skill level 8 in Polearms
  5692 | D:4      | Noticed Eustachio
  5939 | D:3      | Killed Eustachio
  5939 | D:3      | Reached *** piety under Lugonu
  5939 | D:3      | Reached skill level 9 in Polearms
  5939 | D:3      | Reached skill level 5 in Invocations
  6213 | D:4      | Got a pair of heavily runed gloves
  6224 | D:4      | Identified the cursed +0 pair of gloves of Repulsion {rF+
                  | Int+4} (You found it on level 4 of the Dungeon)
  6398 | D:5      | Entered Level 5 of the Dungeon
  6417 | D:4      | Reached XP level 8. HP: 58/64 MP: 11/11
  7332 | D:4      | Reached skill level 10 in Polearms
  7585 | D:5      | Slain by a killer bee

Levels and vault maps discovered:
D:1:      lemuel_arrival_rhombus, layout_basic, chequers_serial_rivers_micro_e,
          supply_closet_lemuel
D:2:      layout_rooms, eat_drink_and_be_merry_uskayaw,
          grunt_temple_overflow_open
D:3:      layout_basic, grunt_temple_overflow_forces_of_nature,
          nicolae_overflow_hidden_temple
D:4:      layout_cave_pools, first_ration, uniq_menkaure, uniq_eustachio,
          uniq_blork_the_orc, uniq_grinder
D:5:      minmay_general_purpose_star, layout_cave_pools,
          minmay_temple_entry_waves

Skill      XL: |  1  2  3  4  5  6  7  8 |
---------------+-------------------------+-----
Polearms       | 4 5 6 7 9 10 | 10.2
Fighting       | 4 5 6 |  6.2
Invocations    | 3 4 5 6 |  6.0
Armour         | |  0.6
Dodging        | |  2.6

Action                   |  1- 3 |  4- 6 |  7- 9 || total
-------------------------+-------+-------+-------++-------
Melee: Spear             |   174 |   258 |   253 ||   685
  Use: Scroll            |       |     3 |       ||     3
       Potion            |       |     1 |     3 ||     4
  Eat: Chunk             |     3 |     6 |     5 ||    14
       Ration            |       |     2 |       ||     2
Armor: Ring mail         |    33 |    58 |    65 ||   156
Dodge: Dodged            |    91 |    88 |   102 ||   281
Block: Other             |       |    24 |    52 ||    76
       Reflection        |       |     1 |       ||     1
